 Dungeon Crawl Stone Soup version 0.22.1-1-ga44c0e56f4 (webtiles) character file.

191 Morbidden the Shield-Bearer (level 5, -6/47 HPs)
             Began as a Gnoll Fighter on Oct 28, 2018.
             Mangled by Sigmund
             ... wielding a +0 scythe
              (7 damage)
             ... on level 2 of the Dungeon.
             The game lasted 00:02:44 (1196 turns).

Morbidden the Shield-Bearer (Gnoll Fighter)         Turns: 1196, Time: 00:02:45

Health: -6/47      AC:  7    Str: 19    XL:     5   Next: 70%
Magic:  7/7        EV:  9    Int: 15    God:
Gold:   108        SH:  0    Dex: 15    Spells: 7/7 levels left

rFire    . . .     SeeInvis .   a - +0 war axe
rCold    + . .     Gourm    .   c - +0 shield
rNeg     . . .     Faith    .   b - +0 scale mail
rPois    .         Spirit   .   (no helmet)
rElec    .         Reflect  .   (no cloak)
rCorr    .         Harm     .   (no gloves)
MR       .....                  (no boots)
Stlth    ..........             (no amulet)
HPRegen  0.15/turn              j - ring of protection from cold
MPRegen  0.10/turn              (no ring)

@: confused, brilliant, flying
A: distributed training, fangs 1, strong nose
a: no special abilities


You were on level 2 of the Dungeon.
You were very hungry.

You visited 1 branch of the dungeon, and saw 2 of its levels.

You collected 108 gold pieces.

Inventory:

Hand Weapons
 a - a +0 war axe (weapon)
Missiles
 e - 168 stones (quivered)
Armour
 b - a +0 scale mail (worn)
 c - a +0 shield (worn)
Jewellery
 j - a ring of protection from cold (left hand)
 l - an uncursed ring of protection from fire {unknown}
Scrolls
 g - 2 scrolls of blinking {unknown}
 m - 2 scrolls of remove curse {unknown}
 p - a scroll of identify {unknown}
Potions
 d - a potion of might
Comestibles
 f - 5 rations


   Skills:
 + Level 6.7 Fighting
 + Level 1.5 Short Blades
 + Level 1.5 Long Blades
 + Level 4.8 Axes
 + Level 1.5 Maces & Flails
 + Level 1.5 Polearms
 + Level 1.5 Staves
 + Level 1.5 Slings
 + Level 1.5 Bows
 + Level 1.5 Crossbows
 + Level 1.5 Throwing
 + Level 6.7 Armour
 + Level 1.5 Dodging
 + Level 1.5 Stealth
 + Level 6.7 Shields
 + Level 1.5 Unarmed Combat
 + Level 1.5 Spellcasting
 + Level 1.2 Conjurations
 + Level 1.2 Hexes
 + Level 1.2 Charms
 + Level 1.2 Summonings
 + Level 1.2 Necromancy
 + Level 1.2 Translocations
 + Level 1.2 Transmutations
 + Level 1.2 Fire Magic
 + Level 1.2 Ice Magic
 + Level 1.2 Air Magic
 + Level 1.2 Earth Magic
 + Level 1.2 Poison Magic
 + Level 1.7 Invocations
 + Level 1.5 Evocations


You had 7 spell levels left.
You didn't know any spells.
Your spell library was empty.

Dungeon Overview and Level Annotations

Branches:
Dungeon (2/15)

Altars:
Gozag
Yredelemnul
Zin

Annotations:
D:2 1 runed door, Sigmund


Innate Abilities, Weirdness & Mutations

Your experience applies equally to all skills.
You have very sharp teeth.
Your uncanny sense of smell can sniff out nearby items.


Message History

Something hits you!
* * * LOW HITPOINT WARNING * * *
Unknown command.
You feel less invigorated. Something hits you!
* * * LOW HITPOINT WARNING * * *
The leopard gecko bites you but does no damage.
Unknown command.
You hit the leopard gecko but do no damage.
Your bite misses the leopard gecko. You miss something.
The leopard gecko bites you.
* * * LOW HITPOINT WARNING * * *
You hear some strange, mumbled words.
You are more confused.
The leopard gecko barely misses you. Something hits you.
* * * LOW HITPOINT WARNING * * *
Unknown command.
The leopard gecko completely misses you.
Something hits you!
You die...

......#.......#
......#.......# ....
....#####..#### .....
.............# .....
.............####+#.....
........................
†.......................
................{.......
................@.....#
...............l..###+#
..................#
..................#
.............#+##.#
............. .#
............( ..∆ ####..
...# ... # ...


You could see a leopard gecko.

Vanquished Creatures
  A human (D:2)
  An adder (D:2)
  An ooze (D:1)
  3 dart slugs (D:1)
  A giant cockroach (D:1)
  4 goblins
  5 hobgoblins
  6 jackals (D:1)
  4 bats
  3 frilled lizards
  A goblin skeleton (D:2)
  A jackal skeleton (D:2)
  5 kobolds
  5 rats
41 creatures vanquished.

Notes
Turn   | Place    | Note
-------+----------+-------------------------------------------
     0 | D:1      | Morbidden the Gnoll Fighter began the quest for the Orb.
     0 | D:1      | Reached XP level 1. HP: 23/23 MP: 1/1
    85 | D:1      | Reached XP level 2. HP: 28/29 MP: 2/2
   374 | D:1      | Reached XP level 3. HP: 35/35 MP: 3/3
   868 | D:2      | Reached skill level 1 in Invocations
   976 | D:2      | Found a runed door.
   976 | D:2      | Noticed a human
   979 | D:2      | Reached skill level 1 in Short Blades
   979 | D:2      | Reached skill level 1 in Long Blades
   979 | D:2      | Reached skill level 1 in Maces & Flails
   979 | D:2      | Reached skill level 1 in Polearms
   979 | D:2      | Reached skill level 1 in Staves
   979 | D:2      | Reached skill level 1 in Slings
   979 | D:2      | Reached skill level 1 in Bows
   979 | D:2      | Reached skill level 1 in Crossbows
   979 | D:2      | Reached skill level 1 in Throwing
   979 | D:2      | Reached skill level 1 in Dodging
   979 | D:2      | Reached skill level 1 in Stealth
   979 | D:2      | Reached skill level 1 in Unarmed Combat
   979 | D:2      | Reached skill level 1 in Spellcasting
   979 | D:2      | Reached skill level 1 in Evocations
   984 | D:2      | Found a basalt altar of Yredelemnul.
   994 | D:2      | Killed a human
   994 | D:2      | Reached skill level 1 in Conjurations
   994 | D:2      | Reached skill level 1 in Hexes
   994 | D:2      | Reached skill level 1 in Charms
   994 | D:2      | Reached skill level 1 in Summonings
   994 | D:2      | Reached skill level 1 in Necromancy
   994 | D:2      | Reached skill level 1 in Translocations
   994 | D:2      | Reached skill level 1 in Transmutations
   994 | D:2      | Reached skill level 1 in Fire Magic
   994 | D:2      | Reached skill level 1 in Ice Magic
   994 | D:2      | Reached skill level 1 in Air Magic
   994 | D:2      | Reached skill level 1 in Earth Magic
   994 | D:2      | Reached skill level 1 in Poison Magic
   994 | D:2      | Reached XP level 4. HP: 33/41 MP: 4/6
   994 | D:2      | Reached XP level 5. HP: 38/47 MP: 4/7
  1021 | D:2      | Found a glowing silver altar of Zin.
  1022 | D:2      | Found an opulent altar of Gozag.
  1125 | D:2      | Found a runed door.
  1170 | D:2      | Noticed Sigmund
  1194 | D:2      | HP: 2/47 [leopard gecko (4)]
  1196 | D:2      | Mangled by Sigmund

Skill      XL: |  1  2  3 |
---------------+----------+-----
Invocations    | 1 |  1.7
Short Blades   | 1 |  1.5
Long Blades    | 1 |  1.5
Maces & Flails | 1 |  1.5
Polearms       | 1 |  1.5
Staves         | 1 |  1.5
Slings         | 1 |  1.5
Bows           | 1 |  1.5
Crossbows      | 1 |  1.5
Throwing       | 1 |  1.5
Dodging        | 1 |  1.5
Stealth        | 1 |  1.5
Unarmed Combat | 1 |  1.5
Spellcasting   | 1 |  1.5
Evocations     | 1 |  1.5
Conjurations   | 1 |  1.2
Hexes          | 1 |  1.2
Charms         | 1 |  1.2
Summonings     | 1 |  1.2
Necromancy     | 1 |  1.2
Translocations | 1 |  1.2
Transmutations | 1 |  1.2
Fire Magic     | 1 |  1.2
Ice Magic      | 1 |  1.2
Air Magic      | 1 |  1.2
Earth Magic    | 1 |  1.2
Poison Magic   | 1 |  1.2
Fighting       | |  6.7
Axes           | |  4.8
Armour         | |  6.7
Shields        | |  6.7

Action                   |  1- 3 |  4- 6 || total
-------------------------+-------+-------++-------
Melee: War axe           |    82 |    14 ||    96
       Bite              |     5 |     2 ||     7
Throw: Stone             |     7 |       ||     7
  Use: Potion            |       |     5 ||     5
Armor: Scale mail        |    33 |     5 ||    38
Dodge: Dodged            |    31 |     4 ||    35
Block: Shield            |    48 |     4 ||    52
